[ AOE2 MATCH · #494320129 ]
UnrankedFranks vs Persians
Player's team · LOSS
Rival team · WIN
[ REPLAY ANALYSIS · EXTRACTED FROM THE RECORDED GAME ]
Feudal
13:26
Castle
43:50
Imperial
—
| APM avg | 74.7 |
| APM peak | 140 |
| eAPM avg | 40.3 |
| Villagers / military | 92 / 41 |
Focus
⚔️ 40.5% · 🌾 59.5%
Archer ×30 · Spearman ×8 · Skirmisher ×3
Feudal
22:00
Castle
42:48
Imperial
—
| APM avg | 45.5 |
| APM peak | 79 |
| eAPM avg | 27.0 |
| Villagers / military | 95 / 16 |
Focus
⚔️ 27.6% · 🌾 72.4%
Scout Cavalry ×11 · Knight ×4 · Battering Ram ×1
Match map
Initial resources + every placement click. Lines = walls · curves = elevation contours. ◆ gold · ⬟ stone · ● berries · ✦ relic · ◌ wall gap
Your base· Open — unwalled flank
[GDL] Faraon's base· Open — unwalled flank
Smoothed initial terrain · ◌ = detected wall gap · hover for details
Inputs per minute
— 奉天讨贼 Latin America lagge - - [GDL] Faraon
Build order — 奉天讨贼 Latin America lagge
First 150 of 245 actions detected
| 0:01 | Create | Villager (Male) |
| 0:02 | Build | House |
| 0:03 | Build | House |
| 0:04 | Create | Villager (Male) |
| 0:04 | Create | Villager (Male) |
| 0:05 | Create | Villager (Male) |
| 1:26 | Create | Villager (Male) |
| 1:27 | Create | Villager (Male) |
| 1:58 | Create | Villager (Male) |
| 2:42 | Create | Villager (Male) |
| 2:43 | Create | Villager (Male) |
| 3:06 | Create | Villager (Male) |
| 3:07 | Create | Villager (Male) |
| 3:20 | Create | Villager (Male) |
| 3:20 | Create | Villager (Male) |
| 3:37 | Create | Villager (Male) |
| 3:37 | Create | Villager (Male) |
| 3:45 | Build | Mill |
| 4:12 | Create | Villager (Male) |
| 4:12 | Create | Villager (Male) |
| 4:12 | Create | Villager (Male) |
| 4:20 | Build | House |
| 4:24 | Create | Villager (Male) |
| 4:25 | Create | Villager (Male) |
| 4:44 | Create | Villager (Male) |
| 4:44 | Create | Villager (Male) |
| 5:00 | Create | Villager (Male) |
| 5:00 | Create | Villager (Male) |
| 5:57 | Build | House |
| 6:02 | Build | Lumber Camp |
| 6:12 | Create | Villager (Male) |
| 6:44 | Create | Villager (Male) |
| 7:15 | Create | Villager (Male) |
| 7:16 | Create | Villager (Male) |
| 7:25 | Research | Loom |
| 7:55 | Research | Feudal Age |
| 8:16 | Create | Villager (Male) |
| 8:31 | Build | Lumber Camp |
| 8:55 | Build | House |
| 9:25 | Create | Villager (Male) |
| 9:42 | Build | Town Center |
| 10:26 | Create | Villager (Male) |
| 10:26 | Create | Villager (Male) |
| 11:03 | Research | Feudal Age |
| 11:26 | Build | House |
| 11:30 | Build | House |
| 12:04 | Build | Lumber Camp |
| 12:16 | Build | House |
| 12:33 | Create | Villager (Male) |
| 12:45 | Build | Barracks |
| 12:56 | Build | Palisade Wall |
| 13:26 | Age | Feudal Age |
| 13:49 | Create | Villager (Male) |
| 13:50 | Create | Villager (Male) |
| 13:53 | Research | Double-Bit Axe |
| 14:00 | Build | House |
| 14:08 | Build | Archery Range |
| 14:13 | Build | House |
| 14:14 | Build | House |
| 14:30 | Create | Villager (Male) |
| 14:38 | Build | Mining Camp |
| 14:40 | Create | Villager (Male) |
| 14:44 | Create | Archer |
| 14:44 | Create | Archer |
| 15:00 | Create | Villager (Male) |
| 15:00 | Create | Villager (Male) |
| 15:01 | Create | Villager (Male) |
| 15:01 | Create | Villager (Male) |
| 15:43 | Create | Skirmisher |
| 15:57 | Create | Villager (Male) |
| 15:57 | Create | Villager (Male) |
| 16:36 | Build | Mining Camp |
| 17:22 | Build | Watch Tower |
| 17:36 | Create | Villager (Male) |
| 17:37 | Create | Villager (Male) |
| 17:37 | Create | Villager (Male) |
| 17:58 | Build | Lumber Camp |
| 18:15 | Build | Watch Tower |
| 18:25 | Build | Farm |
| 18:36 | Build | Farm |
| 20:25 | Create | Villager (Male) |
| 20:25 | Create | Villager (Male) |
| 21:15 | Build | Mining Camp |
| 21:28 | Create | Archer |
| 22:07 | Build | Town Center |
| 23:33 | Build | House |
| 23:35 | Build | House |
| 23:48 | Build | Archery Range |
| 23:57 | Build | Farm |
| 23:57 | Build | Farm |
| 23:59 | Build | Farm |
| 24:17 | Build | Farm |
| 24:21 | Create | Archer |
| 24:40 | Create | Villager (Male) |
| 24:40 | Create | Villager (Male) |
| 24:54 | Build | Palisade Wall |
| 24:59 | Create | Archer |
| 25:04 | Build | Palisade Wall |
| 25:05 | Build | Palisade Wall |
| 25:06 | Build | Palisade Wall |
| 25:08 | Build | Palisade Wall |
| 25:09 | Build | Palisade Wall |
| 25:16 | Build | Palisade Wall |
| 25:17 | Build | Palisade Wall |
| 25:19 | Build | Palisade Wall |
| 25:23 | Create | Villager (Male) |
| 26:55 | Create | Villager (Male) |
| 26:55 | Create | Villager (Male) |
| 28:01 | Create | Archer |
| 28:01 | Create | Archer |
| 28:14 | Create | Villager (Male) |
| 28:14 | Create | Villager (Male) |
| 28:22 | Create | Archer |
| 28:35 | Build | Lumber Camp |
| 29:10 | Build | Town Center |
| 29:13 | Create | Archer |
| 29:21 | Create | Archer |
| 29:21 | Create | Archer |
| 29:36 | Create | Archer |
| 29:48 | Build | Archery Range |
| 30:33 | Create | Villager (Male) |
| 30:38 | Build | Mining Camp |
| 30:56 | Build | Blacksmith |
| 31:05 | Build | Farm |
| 31:06 | Build | Farm |
| 31:07 | Build | Farm |
| 31:09 | Build | Farm |
| 31:12 | Build | Farm |
| 31:13 | Build | Farm |
| 31:15 | Create | Archer |
| 31:16 | Create | Archer |
| 31:40 | Build | Outpost |
| 31:43 | Build | Farm |
| 31:44 | Create | Villager (Male) |
| 31:45 | Create | Villager (Male) |
| 31:52 | Create | Archer |
| 32:03 | Build | Outpost |
| 32:06 | Create | Archer |
| 32:11 | Build | Watch Tower |
| 32:16 | Build | Watch Tower |
| 32:17 | Create | Villager (Male) |
| 32:18 | Create | Villager (Male) |
| 32:19 | Build | Farm |
| 32:22 | Build | Farm |
| 32:25 | Create | Archer |
| 32:29 | Build | Archery Range |
| 32:37 | Build | Barracks |
| 32:39 | Create | Villager (Male) |
| 32:39 | Create | Villager (Male) |
| 32:40 | Build | Farm |
Build order — [GDL] Faraon
First 150 of 223 actions detected
| 0:00 | Create | Villager (Male) |
| 0:01 | Create | Villager (Male) |
| 0:01 | Create | Villager (Male) |
| 0:02 | Create | Villager (Male) |
| 0:02 | Create | Villager (Male) |
| 0:03 | Build | House |
| 0:04 | Build | House |
| 1:24 | Create | Villager (Male) |
| 1:24 | Create | Villager (Male) |
| 1:50 | Build | House |
| 2:07 | Create | Villager (Male) |
| 2:07 | Create | Villager (Male) |
| 2:11 | Build | Lumber Camp |
| 2:14 | Build | House |
| 2:15 | Build | House |
| 2:21 | Create | Villager (Male) |
| 3:16 | Create | Villager (Male) |
| 3:16 | Create | Villager (Male) |
| 3:17 | Create | Villager (Male) |
| 3:24 | Create | Villager (Male) |
| 3:24 | Create | Villager (Male) |
| 4:24 | Create | Villager (Male) |
| 4:24 | Create | Villager (Male) |
| 4:24 | Create | Villager (Male) |
| 4:53 | Create | Villager (Male) |
| 5:24 | Build | Mill |
| 5:26 | Research | Loom |
| 5:50 | Create | Villager (Male) |
| 6:37 | Build | Town Center |
| 6:57 | Build | Palisade Wall |
| 7:20 | Build | Palisade Wall |
| 7:21 | Build | Palisade Wall |
| 7:37 | Create | Villager (Male) |
| 7:37 | Create | Villager (Male) |
| 7:54 | Create | Villager (Male) |
| 7:54 | Create | Villager (Male) |
| 8:22 | Build | House |
| 8:25 | Build | House |
| 8:37 | Create | Villager (Male) |
| 8:37 | Create | Villager (Male) |
| 9:27 | Create | Villager (Male) |
| 9:27 | Create | Villager (Male) |
| 9:59 | Create | Villager (Male) |
| 10:17 | Create | Villager (Male) |
| 10:17 | Create | Villager (Male) |
| 10:56 | Create | Villager (Male) |
| 10:56 | Create | Villager (Male) |
| 10:58 | Create | Villager (Male) |
| 11:32 | Create | Villager (Male) |
| 11:32 | Create | Villager (Male) |
| 11:47 | Build | House |
| 11:52 | Build | House |
| 12:12 | Create | Villager (Male) |
| 12:13 | Create | Villager (Male) |
| 12:36 | Create | Villager (Male) |
| 12:53 | Create | Villager (Male) |
| 13:29 | Create | Villager (Male) |
| 13:51 | Create | Villager (Male) |
| 14:22 | Build | Town Center |
| 15:04 | Create | Villager (Male) |
| 15:04 | Create | Villager (Male) |
| 15:04 | Create | Villager (Male) |
| 15:05 | Create | Villager (Male) |
| 15:23 | Build | Mill |
| 15:25 | Create | Villager (Male) |
| 15:25 | Create | Villager (Male) |
| 15:39 | Create | Villager (Male) |
| 16:05 | Build | House |
| 16:20 | Create | Villager (Male) |
| 16:21 | Create | Villager (Male) |
| 16:35 | Create | Villager (Male) |
| 16:35 | Create | Villager (Male) |
| 17:03 | Create | Villager (Male) |
| 17:34 | Create | Villager (Male) |
| 17:34 | Create | Villager (Male) |
| 17:46 | Create | Villager (Male) |
| 18:20 | Build | Palisade Wall |
| 18:26 | Build | Palisade Wall |
| 18:28 | Build | Palisade Wall |
| 18:30 | Build | Palisade Wall |
| 18:31 | Build | Palisade Wall |
| 18:35 | Create | Villager (Male) |
| 18:36 | Create | Villager (Male) |
| 19:56 | Research | Feudal Age |
| 19:57 | Research | Feudal Age |
| 20:19 | Build | Palisade Wall |
| 20:20 | Build | Palisade Wall |
| 20:21 | Build | Palisade Wall |
| 20:40 | Build | Mining Camp |
| 20:47 | Build | Palisade Wall |
| 20:51 | Build | Palisade Wall |
| 20:54 | Build | Palisade Wall |
| 20:55 | Build | Palisade Wall |
| 21:11 | Build | Palisade Wall |
| 21:12 | Build | Palisade Wall |
| 21:15 | Build | Palisade Wall |
| 21:19 | Build | Palisade Wall |
| 21:24 | Create | Villager (Male) |
| 21:36 | Build | Palisade Wall |
| 22:00 | Age | Feudal Age |
| 22:23 | Create | Villager (Male) |
| 22:23 | Create | Villager (Male) |
| 23:00 | Build | House |
| 23:19 | Build | Farm |
| 23:21 | Build | Farm |
| 23:22 | Create | Villager (Male) |
| 23:22 | Create | Villager (Male) |
| 23:34 | Create | Villager (Male) |
| 23:34 | Create | Villager (Male) |
| 23:35 | Create | Villager (Male) |
| 23:35 | Create | Villager (Male) |
| 24:05 | Build | Palisade Wall |
| 24:15 | Create | Villager (Male) |
| 25:01 | Build | Lumber Camp |
| 25:39 | Build | Town Center |
| 26:48 | Build | Mining Camp |
| 27:03 | Create | Villager (Male) |
| 27:03 | Create | Villager (Male) |
| 27:04 | Create | Villager (Male) |
| 27:04 | Create | Villager (Male) |
| 27:05 | Create | Villager (Male) |
| 27:10 | Build | Farm |
| 27:11 | Build | Farm |
| 27:12 | Build | Farm |
| 27:27 | Build | Watch Tower |
| 27:32 | Build | Watch Tower |
| 27:51 | Create | Villager (Male) |
| 28:04 | Build | Farm |
| 28:05 | Build | Farm |
| 28:28 | Build | Farm |
| 28:29 | Build | Farm |
| 28:34 | Build | Farm |
| 28:36 | Create | Villager (Male) |
| 28:36 | Create | Villager (Male) |
| 29:29 | Build | Barracks |
| 29:56 | Build | Farm |
| 30:16 | Build | Farm |
| 30:20 | Build | Farm |
| 30:34 | Build | Stable |
| 30:40 | Create | Villager (Male) |
| 30:48 | Research | Horse Collar |
| 30:48 | Research | Horse Collar |
| 31:01 | Create | Scout Cavalry |
| 31:01 | Create | Scout Cavalry |
| 31:14 | Build | Farm |
| 31:15 | Create | Villager (Male) |
| 31:16 | Create | Villager (Male) |
| 31:30 | Create | Scout Cavalry |
| 31:36 | Build | Blacksmith |
| 31:37 | Build | House |
Match timeline
| 6:57 | [GDL] Faraon · wall_segment Palisade Wall x1 |
| 7:20 | [GDL] Faraon · wall_segment Palisade Wall x1 |
| 7:21 | [GDL] Faraon · wall_segment Palisade Wall x1 |
| 12:45 | 奉天讨贼 Latin America lagge · first_building Barracks |
| 12:56 | 奉天讨贼 Latin America lagge · wall_segment Palisade Wall x5 |
| 13:26 | 奉天讨贼 Latin America lagge · age_up feudal |
| 14:08 | 奉天讨贼 Latin America lagge · first_building Archery Range |
| 18:20 | [GDL] Faraon · wall_segment Palisade Wall x1 |
| 18:26 | [GDL] Faraon · wall_segment Palisade Wall x3 |
| 18:28 | [GDL] Faraon · wall_segment Palisade Wall x3 |
| 18:30 | [GDL] Faraon · wall_segment Palisade Wall x3 |
| 18:31 | [GDL] Faraon · wall_segment Palisade Wall x1 |
| 20:19 | [GDL] Faraon · wall_segment Palisade Wall x3 |
| 20:20 | [GDL] Faraon · wall_segment Palisade Wall x2 |
| 20:21 | [GDL] Faraon · wall_segment Palisade Wall x1 |
| 20:47 | [GDL] Faraon · wall_segment Palisade Wall x3 |
| 20:51 | [GDL] Faraon · wall_segment Palisade Wall x3 |
| 20:54 | [GDL] Faraon · wall_segment Palisade Wall x1 |
| 20:55 | [GDL] Faraon · wall_segment Palisade Wall x1 |
| 21:11 | [GDL] Faraon · wall_segment Palisade Wall x1 |
| 21:12 | [GDL] Faraon · wall_segment Palisade Wall x1 |
| 21:15 | [GDL] Faraon · wall_segment Palisade Wall x1 |
| 21:19 | [GDL] Faraon · wall_segment Palisade Wall x1 |
| 21:36 | [GDL] Faraon · wall_segment Palisade Wall x1 |
| 22:00 | [GDL] Faraon · age_up feudal |
| 24:05 | [GDL] Faraon · wall_segment Palisade Wall x1 |
| 24:54 | 奉天讨贼 Latin America lagge · wall_segment Palisade Wall x1 |
| 25:04 | 奉天讨贼 Latin America lagge · wall_segment Palisade Wall x1 |
| 25:05 | 奉天讨贼 Latin America lagge · wall_segment Palisade Wall x1 |
| 25:06 | 奉天讨贼 Latin America lagge · wall_segment Palisade Wall x1 |
| 25:08 | 奉天讨贼 Latin America lagge · wall_segment Palisade Wall x1 |
| 25:09 | 奉天讨贼 Latin America lagge · wall_segment Palisade Wall x1 |
| 25:16 | 奉天讨贼 Latin America lagge · wall_segment Palisade Wall x1 |
| 25:17 | 奉天讨贼 Latin America lagge · wall_segment Palisade Wall x1 |
| 25:19 | 奉天讨贼 Latin America lagge · wall_segment Palisade Wall x1 |
| 29:29 | [GDL] Faraon · first_building Barracks |
| 30:34 | [GDL] Faraon · first_building Stable |
| 39:09 | 奉天讨贼 Latin America lagge · wall_segment Palisade Wall x4 |
| 39:11 | 奉天讨贼 Latin America lagge · wall_segment Palisade Wall x3 |
| 39:43 | 奉天讨贼 Latin America lagge · wall_segment Palisade Wall x1 |
| 39:48 | 奉天讨贼 Latin America lagge · wall_segment Palisade Wall x2 |
| 40:11 | [GDL] Faraon · first_market_buy 500 food |
| 40:11 | 奉天讨贼 Latin America lagge · wall_segment Palisade Wall x1 |
| 40:12 | 奉天讨贼 Latin America lagge · wall_segment Palisade Wall x1 |
| 40:13 | [GDL] Faraon · first_market_sell 100 wood |
| 40:14 | 奉天讨贼 Latin America lagge · wall_segment Palisade Wall x1 |
| 40:15 | 奉天讨贼 Latin America lagge · wall_segment Palisade Wall x1 |
| 40:16 | 奉天讨贼 Latin America lagge · wall_segment Palisade Wall x1 |
| 40:26 | 奉天讨贼 Latin America lagge · first_market_sell 500 wood |
| 40:29 | 奉天讨贼 Latin America lagge · first_market_buy 100 food |
| 42:48 | [GDL] Faraon · age_up castle |
| 43:50 | 奉天讨贼 Latin America lagge · age_up castle |
| 43:56 | [GDL] Faraon · first_building Castle |
| 44:13 | 奉天讨贼 Latin America lagge · first_building Castle |
| 44:55 | [GDL] Faraon · first_building Siege Workshop |
| 45:54 | 奉天讨贼 Latin America lagge · resign |
[ AI ANALYSIS · 1 CREDIT ]
What really happened in this match?
Wolo.gg analyzes every decision: build order, eco, micro, common mistakes by bracket. Personalized analysis on WhatsApp or Discord in 30 seconds.
Civ guide
Franks
Perfil
奉天讨贼 Latin America lagge